[Event "German Rapid Championship 2022"]
[Site "Goettingen"]
[Date "2022.09.24"]
[Round "4.3"]
[White "Svane, Rasmus"]
[Black "Muckle, Julius"]
[Result "1-0"]
[ECO "A06"]
[WhiteElo "2615"]
[BlackElo "2401"]
[Annotator "TA"]
[PlyCount "85"]
[EventDate "2022.09.24"]
[EventType "swiss"]
[EventCountry "GER"]
[SourceTitle "playchess.com"]
[Source "ChessBase"]
[SourceQuality "1"]
[TimeControl "900+10"]

1. Nf3 d5 2. g3 Nf6 3. Bg2 c6 4. O-O Bf5 5. c4 e6 6. Qb3 Qb6 7. d3 {[%emt 0:00:03] A11: English Opening: 1...c6.} Nbd7 8. cxd5 Qxb3 9. axb3 {[%emt 0:00:02] White is slightly better.} exd5 10. Bd2 Bc5 11. b4 Bb6 {[%emt 0:00:06] [#]} 12. Nc3 $146 ({Predecessor:} 12. Bc3 O-O 13. Nbd2 Rfe8 14. Rfe1 h6 15. Nd4 Bg6 16. Bh3 Nf8 17. N2b3 Ne6 18. Bg2 Nxd4 19. Nxd4 {½-½ (73) Banusz,T (2631)-Kazakov,M (2516) Tornelo INT 2021}) 12... O-O 13. Na4 Bc7 14. Nd4 Bg6 15. Rfc1 (15. b5 $5 ) 15... Rfe8 16. Kf1 a6 {[%emt 0:08:01] Against b5} 17. h3 Be5 18. Nb3 Re7 19. f4 Bd6 20. Bf3 Rae8 21. Re1 h5 22. Kg2 (22. g4 $14) 22... Ne4 23. dxe4 $16 dxe4 24. Bxh5 e3 {White now steadily converts the win.} (24... Bxh5 $14 25. g4 Bg6) 25. Bc3 (25. Bxg6 exd2 26. Nxd2 Rxe2+ 27. Kf1 Rxe1+ 28. Rxe1 Rxe1+ 29. Kxe1 fxg6 $17) 25... Bxh5 26. Rad1 Bc7 {[%emt 0:00:25] [#]} 27. g4 $1 Bg6 {Hoping for ...Bc2.} 28. f5 Bh7 29. Nac5 Nxc5 30. Nxc5 Bb6 31. Rd3 Bxc5 32. bxc5 Re4 33. Rd7 g6 34. Rf1 ({Don't play} 34. Rxb7 $6 gxf5 35. Kg3 Rc4 $16) 34... gxf5 35. gxf5 Rc4 36. Rf3 ({Not} 36. Rxb7 Rxc5 37. Rb4 f6 $14) 36... Kf8 37. Rxb7 {[%emt 0:00:15] Strongly threatening Rc7.} Rd8 $2 (37... a5 38. Kg3 (38. Bxa5 Rc2 $16) 38... Rxc5) 38. Rc7 $18 {[%emt 0:00:50] White is clearly winning.} Rd5 39. Rc8+ Ke7 40. Rxe3+ Kd7 41. Rce8 {[%emt 0:00:55][%csl Ge8][%cal Re3e7] [#]} Rdxc5 42. R3e7+ Kd6 43. e4 {[%emt 0:00:20] Weighted Error Value: White=0.05 (flawless) /Black=0.27 (precise)} 1-0

[Event "German Rapid Championship 2022"]
[Site "Goettingen"]
[Date "2022.09.24"]
[Round "4.4"]
[White "Fridman, Daniel"]
[Black "Hoepfl, Thomas"]
[Result "1-0"]
[ECO "E62"]
[WhiteElo "2607"]
[BlackElo "2279"]
[Annotator "TA"]
[PlyCount "73"]
[EventDate "2022.09.24"]
[EventType "swiss"]
[EventCountry "GER"]
[SourceTitle "playchess.com"]
[Source "ChessBase"]
[SourceQuality "1"]
[TimeControl "900+10"]

1. d4 Nf6 2. c4 g6 3. Nf3 Bg7 4. g3 O-O 5. Bg2 d6 6. Nc3 Nc6 7. O-O e5 8. dxe5 dxe5 {[%emt 0:00:02] 8...dxe5 is better than 8...Nxe5.} 9. Bg5 Be6 10. Qa4 Qe8 {[%emt 0:00:16] E62: King's Indian: Fianchetto: 6...c6 and Panno Variation (6...Nc6) without ...a6.} 11. Nd2 $5 {[%emt 0:00:50][%mdl 4] An interesting side line.} Nd4 12. Qxe8 $1 Raxe8 {[%emt 0:00:18] White is better.} 13. e3 (13. Bxb7 Rb8 14. Bxf6 Bxf6 $15) 13... Nf5 {[%emt 0:00:39] [#]} 14. Nb5 $146 (14. Bxb7 Nd7 $11) ({Predecessor:} 14. Bxf6 Bxf6 15. Bxb7 Rb8 16. Bd5 Rxb2 17. Nde4 Be7 18. Bxe6 fxe6 19. c5 Kf7 20. Rfd1 {½-½ (61) Bogner,S (2600)-Yankelevich,L (2447) Riga 2017}) 14... c6 15. Nc7 (15. Nxa7 Ra8 16. Nxc6 bxc6 17. Bxc6 Rac8 18. Bxf6 Bxf6 $17) 15... Re7 16. Nxe6 Rxe6 17. Nb3 h6 18. Bxf6 Bxf6 19. Nc5 Re7 20. Rfd1 {[%emt 0:00:04] Against Rd8. aiming for Nd7.} Rc8 21. Ne4 Bg7 22. Bh3 Rcc7 (22... Rb8 $16 {was called for.}) 23. Bxf5 ({White should play} 23. Rd8+ $18 Kh7 24. Rad1) 23... gxf5 $14 24. Nd6 f4 $1 25. e4 {[%emt 0:00:19] White is more active.} (25. gxf4 exf4 26. Nf5 Re4 $11) 25... Red7 {[%emt 0:00:19] [#]} (25... fxg3 $14 26. hxg3 (26. fxg3 Bf8 $14) 26... Red7) 26. Nf5 ({White should try} 26. Ne8 $1 $16 Rxd1+ 27. Rxd1) 26... Bf8 (26... b5 $14) 27. gxf4 $16 exf4 28. Kg2 b5 29. c5 Bxc5 30. Nxh6+ Kh7 31. Nf5 Bf8 32. Kf3 c5 {[%emt 0:00:10] [#]} (32... Rxd1 $16 33. Rxd1 c5) 33. Rd5 $1 $18 (33. Kxf4 Rxd1 34. Rxd1 c4 $16) 33... Rb7 (33... Rxd5 {keeps fighting.} 34. exd5 Bg7) 34. Rad1 (34. Kxf4 $6 c4 35. Rad1 Rdc7 $18) 34... Rdc7 35. Rg1 {[%emt 0:02:15] Strongly threatening Rd8.} ({Resist} 35. Kxf4 $6 c4 36. Rd8 Bg7 $18) 35... Rb6 36. Rd8 ({But not} 36. Kxf4 $6 Bh6+ 37. Nxh6 Rxh6) 36... Bh6 (36... Rg6 $18) 37. Rgg8 {[%emt 0:00:21] Weighted Error Value: White=0.09 (flawless) /Black=0.49} 1-0

[Event "German Rapid Championship 2022"]
[Site "Goettingen"]
[Date "2022.09.24"]
[Round "4.5"]
[White "Langrock, Hannes"]
[Black "Laux, Dominik"]
[Result "1/2-1/2"]
[ECO "D02"]
[WhiteElo "2358"]
[BlackElo "2248"]
[Annotator "TA"]
[PlyCount "62"]
[EventDate "2022.09.24"]
[EventType "swiss"]
[EventCountry "GER"]
[SourceTitle "playchess.com"]
[Source "ChessBase"]
[SourceQuality "1"]
[TimeControl "900+10"]

1. d4 d5 2. Nf3 Nf6 3. g3 Bf5 4. Bg2 e6 5. c4 c6 6. Nc3 h6 7. Qb3 {[%emt 0:00:05] D11: Slav Defence: 3 Nf3 sidelines and 3...Nf6 4 e3 Bg4.} Qb6 8. c5 Qxb3 9. axb3 {[%emt 0:00:03][%cal Ba2b3,Bb3b4][%mdl 32] The position is equal.} Be7 10. h3 O-O 11. g4 Bh7 12. b4 a6 13. Bf4 Nbd7 14. Nd2 Rfe8 15. Nb3 Bd8 16. b5 cxb5 17. Nxb5 {[%emt 0:00:14] [#] Threatens to win with Nd6.} Bc2 $146 ({Predecessor:} 17... e5 18. dxe5 Nxe5 19. O-O Nc4 20. Nc3 Be4 21. Nxe4 Nxe4 22. f3 Ng5 23. e4 Ne6 {½-½ (44) Langrock,H (2351)-Gressmann,M (2094) Berlin 2022}) 18. Nd2 e5 19. dxe5 Nxe5 {[%emt 0:00:02] Strongly threatening ...Nd3+.} 20. O-O Nc6 21. Rfe1 (21. Rfc1 $16 Bh7 22. e3) 21... Ba5 $11 {[%emt 0:01:43] [#]} 22. Rxa5 Nxa5 23. Nc7 Nc6 24. Nxa8 Rxa8 25. h4 Re8 26. g5 hxg5 27. hxg5 Ne4 28. Nxe4 Bxe4 29. Bh3 Nd4 30. Kf1 Ne6 31. Bxe6 fxe6 {[%emt 0:00:29] Weighted Error Value: White=0.07 (flawless) /Black=0.08 (flawless)} 1/2-1/2

[Event "German Rapid Championship 2022"]
[Site "Goettingen"]
[Date "2022.09.24"]
[Round "4.6"]
[White "Woelk, Tom-Frederic"]
[Black "Spiess, Gunter"]
[Result "1/2-1/2"]
[ECO "C11"]
[WhiteElo "2289"]
[BlackElo "2384"]
[Annotator "TA"]
[PlyCount "75"]
[EventDate "2022.09.24"]
[EventType "swiss"]
[EventCountry "GER"]
[SourceTitle "playchess.com"]
[Source "ChessBase"]
[SourceQuality "1"]
[TimeControl "900+10"]

1. e4 e6 2. d4 d5 3. Nc3 Nf6 4. e5 Nfd7 5. f4 c5 6. Nf3 Nc6 7. Ne2 b5 {[%emt 0:00:10] 7...Be7 gains popularity.} 8. dxc5 {[%emt 0:00:16] C05: French Tarrasch: 3...Nf6 4 e5 Nfd7, 5 f4 and 5 Bd3 sidelines.} Bxc5 9. Ned4 Nxd4 10. Nxd4 {[%emt 0:00:02] [#] Black is slightly better.} Nxe5 $1 11. Bxb5+ (11. fxe5 Qh4+) 11... Nd7 {[%emt 0:00:02] [#]} (11... Bd7 $5 12. a4 (12. fxe5 $2 Qh4+ 13. Ke2 Bxd4 $19) 12... Bxb5 13. axb5 Nc4 $17) 12. Nb3 $146 ({Predecessor:} 12. O-O Qb6 13. Bxd7+ Bxd7 14. c3 O-O 15. Kh1 f6 16. a4 a5 17. Nb3 Be7 18. Rf3 {½-½ (41) Baier,R (1935)-Niering,M (2218) Berlin 2019}) 12... Bb6 13. Qe2 O-O 14. Be3 Nf6 15. O-O Rb8 {[%emt 0:01:21] And now ...Bxe3+ would win.} 16. Bd3 Bxe3+ 17. Qxe3 Qb6 18. Rae1 ({Better is} 18. Qxb6 $11 Rxb6 19. Rab1) 18... Ba6 19. f5 Bxd3 (19... exf5 {is more complex.} 20. Qxb6 Rxb6 21. Rxf5 Bxd3 22. cxd3 Ra6) 20. cxd3 Rfe8 21. fxe6 {[%emt 0:00:30] The position is equal.} Rxe6 {[%emt 0:00:13][%mdl 64] [#] Pin} 22. Qxb6 Rbxb6 23. Rxe6 fxe6 $11 {[%emt 0:00:04][%mdl 4096] Endgame KRN-KRN} 24. Rc1 a5 25. Rc8+ Kf7 26. Ra8 Rc6 27. Nd4 Rc1+ 28. Kf2 e5 29. Nf3 Rc2+ 30. Kg3 e4 31. dxe4 Nxe4+ 32. Kf4 Rxg2 33. Rxa5 Rxb2 34. Rxd5 Nf6 35. Ra5 Rb4+ 36. Kg3 Ne4+ 37. Kh3 h6 38. Ne5+ {[%emt 0:00:59] Weighted Error Value: White=0.08 (flawless) /Black=0.06 (flawless)} 1/2-1/2

[Event "German Rapid Championship 2022"]
[Site "Goettingen"]
[Date "2022.09.24"]
[Round "4.7"]
[White "Knuedel, Torben"]
[Black "Hampel, Felix"]
[Result "1-0"]
[ECO "B47"]
[WhiteElo "2221"]
[BlackElo "2326"]
[Annotator "TA"]
[PlyCount "179"]
[EventDate "2022.09.24"]
[EventType "swiss"]
[EventCountry "GER"]
[SourceTitle "playchess.com"]
[Source "ChessBase"]
[SourceQuality "1"]
[TimeControl "900+10"]

1. e4 c5 2. Nf3 e6 3. d4 cxd4 4. Nxd4 Nc6 5. Nc3 Qc7 6. f4 a6 7. Nxc6 Qxc6 8. Bd3 b5 9. Qe2 Bb7 10. Bd2 d6 {[%emt 0:01:30] [#] B47: Sicilian: Taimanov: 5 Nc3 Qc7 6 f4, 6 g3 and 6 Be2.} (10... Be7 $11) 11. Nxb5 $1 $16 Nf6 (11... axb5 $2 12. Bxb5 Nf6 13. e5 dxe5 14. Bxc6+ $18) 12. Nc3 Be7 {[%emt 0:00:16] White is better.} 13. O-O O-O {[%emt 0:00:03] [#]} 14. Rae1 $146 ({Predecessor:} 14. Kh1 Nd7 15. Qh5 Bf6 16. Rae1 Rab8 17. Nd5 Bd8 18. Bc3 g6 19. Qh6 f6 20. Rf3 {1-0 (29) Toth,A (2382)-Krutti,V (2385) Paks 2001}) 14... Rab8 15. Kh1 d5 16. exd5 Nxd5 (16... exd5 $16 {was worth a try.} 17. Qxe7 Rfe8) 17. Nxd5 $18 Qxd5 18. b3 (18. Bc3 $142) 18... Bf6 19. Be4 (19. f5 {seems wilder.} e5 20. Be4 Qd4 21. Bxb7 Rxb7 22. c3) 19... Qxe4 20. Qxe4 Bxe4 21. Rxe4 Rfd8 22. Re2 Rbc8 23. Be3 ({White should play} 23. c4) 23... Rc3 24. g3 h5 25. Kg2 Kh7 26. Rc1 Rdc8 27. Bf2 g5 {[%emt 0:01:09] [#]} 28. Be1 $1 R3c5 29. Bb4 (29. c4 $18 {has better winning chances.}) 29... Rb5 $16 30. fxg5 Bxg5 31. Bd2 Bxd2 32. Rxd2 {[%emt 0:00:02][%mdl 4096] Endgame KRR-KRR} Rbc5 (32... Rc3 $16 {was necessary.}) 33. c4 $18 a5 34. Rf1 Kg6 35. Rd7 f5 36. Re1 R8c6 37. Ra7 Kf6 38. Ra8 {[%emt 0:01:02] White is much more active.} Rd6 (38... Rc8 $16 39. Ra6 R8c6) 39. Re2 e5 40. Rf8+ Kg6 41. Rg8+ Kf6 42. h4 e4 (42... Rd3 $16 43. Rg5 a4) 43. Rg5 a4 44. Rxh5 {[%emt 0:00:35] Threatens to win with g4.} Kg6 $2 (44... Rd3 {was called for.} 45. g4 (45. bxa4 Rxc4 46. Rf2 Rf3 $16) 45... axb3 46. axb3 e3) 45. Rg5+ Kf6 46. g4 axb3 47. axb3 Rd3 48. Rf2 Rxb3 49. Rgxf5+ Rxf5 50. Rxf5+ {[%emt 0:00:02] KR-KR} Kg6 51. h5+ Kh6 52. Re5 e3 53. Kf3 Rc3 54. c5 Rc4 55. Re6+ {[%emt 0:00:12] White mates.} Kh7 56. Rxe3 Rxc5 57. Kf4 Rc4+ 58. Re4 Rc1 59. Kf5 Rf1+ 60. Kg5 Rf7 61. Re5 Ra7 62. Kf6 Kh6 63. Re6 Rb7 64. Kf5+ Kg7 65. g5 Rb5+ 66. Re5 Rb7 67. h6+ Kh7 68. Kf6 Rb6+ 69. Re6 Rb8 70. Kf5 Rb7 71. Kg4 Ra7 72. Kh5 Ra8 73. Rf6 Ra5 74. Rf7+ Kg8 75. Re7 Kh8 76. Re1 Kh7 77. Rf1 Rb5 78. Kg4 Rb6 79. Rf7+ Kg8 80. Re7 Rb4+ 81. Kf5 Rb5+ 82. Kf6 Rb6+ 83. Re6 Rb8 84. g6 Ra8 85. Re5 Ra6+ 86. Kg5 Ra8 87. Rf5 Rb8 88. g7 Kh7 89. Rf8 Rb5+ 90. Kf4 {[%emt 0:00:04] Weighted Error Value: White=0.12 (very precise) /Black=0.49} 1-0

[Event "German Rapid Championship 2022"]
[Site "Goettingen"]
[Date "2022.09.24"]
[Round "4.8"]
[White "Kopylov, Michael"]
[Black "Arndt, Magnus"]
[Result "1/2-1/2"]
[ECO "E06"]
[WhiteElo "2371"]
[BlackElo "2384"]
[Annotator "TA"]
[PlyCount "63"]
[EventDate "2022.09.24"]
[EventType "swiss"]
[EventCountry "GER"]
[SourceTitle "playchess.com"]
[Source "ChessBase"]
[SourceQuality "1"]
[TimeControl "900+10"]

1. d4 Nf6 2. c4 e6 3. g3 d5 4. Bg2 Be7 5. Nf3 O-O 6. O-O dxc4 7. Qa4 a6 8. Qxc4 b5 9. Qc2 Bb7 10. Bf4 Nc6 11. Rd1 Nb4 12. Qc1 Rc8 13. Nc3 Nbd5 {[%emt 0:02:10] The position is equal.} 14. Ne5 {[%emt 0:02:18] E05: Open Catalan: 5 Nf3 Be7.} Nxc3 15. Qxc3 Bxg2 16. Kxg2 Qd5+ 17. Qf3 c5 18. dxc5 Qxf3+ 19. Kxf3 {[%emt 0:00:03] Strongly threatening c6.} Rxc5 20. Rac1 {[%emt 0:01:14] [#] Hoping for Nc6.} Rfc8 {[%emt 0:00:32] [#] Against Nc6} 21. Be3 $146 ({Predecessor:} 21. Rxc5 Rxc5 22. Rc1 Nd5 23. Rxc5 Bxc5 24. Nd3 Be7 25. Bd2 f6 26. Ba5 f5 27. e4 fxe4+ 28. Kxe4 {½-½ (46) Dragomirescu,A (2288)-Schulz,S (2079) Dresden 2004}) 21... Rxc1 22. Rxc1 Rxc1 23. Bxc1 $11 {[%emt 0:00:01][%mdl 4096] Endgame KBN-KBN} Kf8 24. Nc6 Nd5 25. Bd2 Bd6 {[%emt 0:01:01] Inhibits Nb8.} 26. e4 Ne7 27. Nb4 a5 28. Nc2 Nc6 29. Ke2 Ke7 30. f4 Bc5 31. Kd3 Kd6 32. Bc3 {An even fight not without its subleties.  Weighted Error Value: White=0.02 (flawless) /Black=0.02 (flawless)} 1/2-1/2

[Event "German Rapid Championship 2022"]
[Site "Goettingen"]
[Date "2022.09.24"]
[Round "4.9"]
[White "Schenderowitsch, Michael"]
[Black "Heider, Martin"]
[Result "0-1"]
[ECO "A50"]
[WhiteElo "2292"]
[BlackElo "2393"]
[Annotator "TA"]
[PlyCount "130"]
[EventDate "2022.09.24"]
[EventType "swiss"]
[EventCountry "GER"]
[SourceTitle "playchess.com"]
[Source "ChessBase"]
[SourceQuality "1"]
[TimeControl "900+10"]

1. d4 Nf6 2. c4 g6 3. h4 Bg7 4. Nc3 Nc6 5. d5 Ne5 6. e4 {[%emt 0:00:04] Threatens to win with f4. E60: King's Indian: Unusual lines and Fianchetto Variation without Nc3.} d6 7. Be2 c6 {[%emt 0:00:45] [#]} 8. h5 $146 (8. Nf3 $11) ({Predecessor:} 8. Nh3 cxd5 9. cxd5 Bd7 10. Qb3 b5 11. Bxb5 O-O 12. Be2 Qa5 13. O-O Rab8 14. Qc2 Bxh3 15. gxh3 {½-½ (34) Rozen,E (2468)-Juhasz,A (2324) Mamaia 2022}) 8... Nxh5 $15 9. g4 Nf6 10. g5 Nh5 11. Nf3 (11. Rh4 $15 {feels stronger.}) 11... Bg4 $1 $17 12. dxc6 (12. Nxe5 $17 Bxe2 13. Nxe2 Bxe5 14. f4) 12... Nxf3+ (12... bxc6 13. Nxe5 Bxe2 14. Qa4 $15) (12... Nxc6 13. Rh4 Qd7 14. Be3 $17) 13. Bxf3 Bxf3 14. Qxf3 bxc6 15. e5 (15. Bd2 $17) 15... O-O $19 (15... Bxe5 16. Qxc6+ Kf8 17. Bd2 $17) 16. exd6 (16. Qxc6 $142 Bxe5 17. Bd2) 16... Qxd6 17. O-O f6 {[%emt 0:01:49] And now ...fxg5 would win.} 18. Ne4 Qe6 19. Nc5 Qxc4 20. Qb3 Qxb3 21. axb3 fxg5 22. Ne6 Rf5 23. Ra6 c5 24. Bxg5 Bf6 25. Be3 Rb8 26. Rd1 (26. Rxa7 $17 Bxb2 27. Rxe7) 26... Kf7 (26... Bxb2 27. Rxa7 Bf6 28. Rc7 $17) (26... Rxb3 $2 27. Rd8+ Kf7 28. Rf8#) 27. Nxc5 Nf4 {[%emt 0:00:14] Inhibits Ne6.} ({Weaker is} 27... Bxb2 28. Ne6 $17) (27... Bg5 $1 $19 {[%cal Rg5e3] ...Bxe3 is the strong threat.} 28. Rf1 Rb5) 28. Rxa7 Nd5 ({Stronger than} 28... Bxb2 29. Rdd7 $15) 29. Bc1 g5 30. Ne4 {[%emt 0:00:01] [#] Black must now prevent Nd6+.} Kg6 $1 31. Ng3 Re5 32. Ra5 Nf4 (32... e6 $19 33. Ra3 h5) 33. Ra4 Ne2+ 34. Nxe2 Rxe2 35. Kf1 Rc2 36. Rc4 Rxc4 {[%emt 0:00:07] Black is more active.} 37. bxc4 $17 {[%emt 0:00:01][%mdl 4096] Endgame KRB-KRB} Rb4 38. c5 Rc4 39. Be3 $1 ({Reject} 39. b4 Rxb4 40. Be3 Rc4 $17) 39... Bxb2 40. Rd7 {[%emt 0:00:44] [#] Black converts the advantage convincingly.} (40. Ke2 $15) 40... Bf6 $1 $19 41. Ke2 h5 42. Kd3 (42. f3 $142) 42... Rc3+ 43. Ke4 h4 44. Rd1 e6 45. Rg1 (45. f3 {was worth a try.}) 45... Kh5 46. Kf3 (46. f3 {was necessary.}) 46... Rc4 47. Rd1 Be7 $2 (47... h3 $19 {Hoping for ...g4+.} 48. Ke2 g4) 48. Rg1 $2 (48. Rd7 $15 Bf6 49. Ke2) 48... g4+ 49. Ke2 Bxc5 50. Kd3 Bxe3 51. Kxe3 {[%emt 0:00:00] KR-KR} Kg5 52. Ra1 Kf5 (52... h3 $142 53. Kd3 Rc5) 53. Ke2 Rc2+ 54. Kf1 e5 55. Kg1 Kf4 (55... h3 $142 56. Ra7 Rc1+ 57. Kh2 Rf1) 56. Ra8 Rc1+ (56... Rc6 $142 57. Rf8+ Kg5) 57. Kg2 Rc6 (57... h3+ $142 58. Kh2 Rf1 59. Rf8+ Ke4) 58. Rf8+ Kg5 {[%emt 0:00:02] ( -> ...Rf6)} 59. Kg1 Rf6 {[%emt 0:00:07] Black mates.} 60. Rh8 e4 61. Re8 Kf4 62. Rh8 h3 63. Rg8 e3 64. fxe3+ Kg3 65. Ra8 h2+ {[%emt 0:00:00] Weighted Error Value: White=0.59/Black=0.44} 0-1

[Event "German Rapid Championship 2022"]
[Site "Goettingen"]
[Date "2022.09.24"]
[Round "4.10"]
[White "Serrer, Christoph"]
[Black "Feuerstack, Aljoscha"]
[Result "0-1"]
[ECO "D12"]
[WhiteElo "2251"]
[BlackElo "2464"]
[Annotator "TA"]
[PlyCount "158"]
[EventDate "2022.09.24"]
[EventType "swiss"]
[EventCountry "GER"]
[SourceTitle "playchess.com"]
[Source "ChessBase"]
[SourceQuality "1"]
[TimeControl "900+10"]

1. d4 d5 2. Nf3 Nf6 3. c4 c6 4. e3 Bf5 5. Nc3 e6 6. Nh4 Bg6 7. Qb3 {[%emt 0:00:04] D12: Slav Defence: 3 Nf3 Nf6 4 e3 Bf5.} Qc7 {[%emt 0:00:13] The main line 7...Qc7 scores better than 7...Qb6.} 8. h3 Nbd7 9. Bd2 {[%emt 0:00:59] The position is equal.} Ne4 10. Nxg6 Nxd2 11. Kxd2 hxg6 12. cxd5 exd5 {[%emt 0:00:04] [#]} 13. Rc1 $146 ({Predecessor:} 13. Bd3 Be7 14. Rac1 Qb6 15. Qc2 Nf8 16. Na4 Qa5+ 17. Ke2 Ne6 18. a3 O-O 19. Kf1 {1-0 (51) Koneru,H (2486)-Erenburg,S (2450) Budapest 2002}) 13... Qb6 14. Bd3 Qxb3 15. axb3 Bd6 16. h4 Nf8 17. g4 Ne6 18. h5 gxh5 19. gxh5 Rh6 20. Rcg1 Ke7 21. Bf5 Rg8 22. Rh3 Rf6 23. Rf3 Rh8 24. Ke2 {[%emt 0:01:11] [#]} (24. Bg4 $11) 24... Nf4+ $1 $17 25. exf4 {[%emt 0:00:16] aiming for Rg5.} Rxf5 26. Rxg7 Rhxh5 27. Rg8 Kd7 (27... Bxf4 28. Ra8 $15) (27... Rxf4 28. Rxf4 Bxf4 29. Ra8 $17) 28. Rg5 Rfxg5 ({Weaker is} 28... Rhxg5 29. fxg5 Rxg5 30. Rxf7+ Kc8 31. Rh7 $15) 29. fxg5 $19 {[%emt 0:00:02][%mdl 4096] Endgame KRB-KRN} Ke7 ({Inferior is} 29... Rxg5 30. Rxf7+ Kc8 31. Kd3 $15) 30. Rf5 Ke6 31. Rf6+ Ke7 32. Rf5 Ke8 33. Nd1 Bf8 ({Better is} 33... Rh4 $19 34. Kd3 Rf4 35. Rxf4 Bxf4) 34. Ne3 {[%emt 0:00:06] [#]} (34. Re5+ $1 $15 Be7 35. Ne3) 34... Bg7 $1 35. Kd3 Rh4 {[%emt 0:00:10] Against Ng4} 36. Nc2 {[%emt 0:00:34] [#]} Rh3+ ({Black should try} 36... Rg4 $1 $19 37. Rf3 Rxg5) 37. Ne3 $17 Rh4 (37... Ke7 $17 38. Rf4 Ke6) 38. Nc2 $1 $19 Ke7 ({Black should play} 38... Rg4 $19 39. Rf3 Rxg5) 39. Rf3 $17 Rg4 40. Re3+ Kd7 41. Rf3 {[%emt 0:00:23] Prevents Rf4.} Ke7 ({Much less strong is} 41... Rxg5 42. Rxf7+ Ke6 43. Rxb7 $14) 42. Re3+ $1 Kf8 43. Rf3 Rxg5 44. Rf4 Ke7 45. Ne3 Ke6 46. Rh4 Rg1 47. Rf4 Bh6 48. Rf3 Rg5 49. Rh3 Bg7 50. Rh4 $1 a6 51. Rf4 Rh5 52. Rg4 Bf6 53. Rf4 $2 (53. Rg3) 53... Rh4 $19 54. Rxh4 Bxh4 {[%emt 0:00:01] KB-KN} 55. f3 Bg5 56. Nd1 Kf5 {[%emt 0:00:01] Hoping for ...Kf4.} 57. Nc3 $2 (57. Nf2) 57... Kf4 58. Na4 Be7 59. Ke2 Kg3 60. Nb6 Bf6 (60... a5 $142 61. Nd7 f5) 61. Ke3 (61. Nc8 $142 Bxd4 62. Nd6 Bxb2 63. Nxb7) 61... Bg5+ 62. Ke2 Be7 63. Ke3 Bb4 64. Nd7 Bd6 65. Ke2 Kf4 66. Nf6 (66. Kf2 $142) 66... Kf5 67. Ng4 Kf4 68. Nf6 $1 Bf8 69. Nd7 Be7 {[%emt 0:00:10] Threatens to win with ...f5.} 70. Ne5 Bf6 71. Nd3+ (71. Nxf7 $142 b6 72. Kd3) 71... Kg3 72. Ke3 (72. Nc5 $142) 72... Bg5+ 73. f4 $2 (73. Ke2 Be7 74. Ne5) 73... Bh6 74. Nc5 Bxf4+ 75. Kd3 b6 76. Nxa6 Bd6 {[%emt 0:00:02] Prevents Nb4. Black mates.} 77. b4 f5 78. Nc5 bxc5 79. dxc5 Be5 {[%emt 0:00:02] Weighted Error Value: White=0.28 (precise) /Black=0.31} 0-1

[Event "German Rapid Championship 2022"]
[Site "Goettingen"]
[Date "2022.09.24"]
[Round "4.11"]
[White "Langheinrich, Ferenc"]
[Black "Tschernatsch, Johannes"]
[Result "0-1"]
[ECO "B30"]
[WhiteElo "2366"]
[BlackElo "2294"]
[Annotator "TA"]
[PlyCount "118"]
[EventDate "2022.09.24"]
[EventType "swiss"]
[EventCountry "GER"]
[SourceTitle "playchess.com"]
[Source "ChessBase"]
[SourceQuality "1"]
[TimeControl "900+10"]

1. e4 c5 2. Nf3 Nc6 3. Nc3 e5 4. Bc4 Be7 5. d3 d6 6. O-O Nf6 7. Ng5 O-O 8. f4 Bg4 {[%emt 0:00:09] B30: Sicilian: 2...Nc6 3 Bb5, lines without ...g6.} 9. Nf3 Nd4 10. fxe5 dxe5 {[%emt 0:00:07] [#] The position is equal.} 11. Nd5 $146 (11. Be3 $11) ({Predecessor:} 11. Kh1 Qd6 12. Be3 a6 13. a4 h6 14. Qd2 Nd7 15. Nd5 Nb6 16. Nxb6 Qxb6 17. Nxe5 {1-0 (30) Zozulia,A (2411)-Gil,L (1790) Calvi 2005}) 11... Nxd5 $17 12. Bxd5 Qb6 {[%emt 0:00:46] Black is more active.} (12... Nxf3+ $1 $15 13. gxf3 Bh3) 13. Kh1 $11 Rad8 14. c3 Bxf3 15. gxf3 Ne6 16. f4 Nxf4 17. Bxf4 exf4 18. Rxf4 Qh6 (18... Qxb2 $11 19. Rb1 Qxc3) 19. Qg4 (19. Rf3 $14) 19... Bd6 20. Rf2 Kh8 21. Qg2 Bf4 22. Raf1 (22. Qf3 $5 g5 23. Bxb7 $14) 22... g5 23. Rf3 Rd6 24. Bxb7 Qg7 25. Bd5 f5 {[%emt 0:00:32] [#]} 26. exf5 $1 Rxf5 ({Weaker is} 26... Rxd5 27. Rxf4 Rxd3 28. f6 $16) 27. Be4 Rff6 28. Rh3 Rh6 29. Rff3 (29. Qg4 $14) 29... g4 30. Rxh6 ({Of course not} 30. Rxf4 gxh3 31. Qxg7+ (31. Qf2 Rhf6 $19) 31... Kxg7 $17) 30... Qxh6 31. Rf2 {[%emt 0:00:38] [#]} (31. Rf1 $11) 31... Bxh2 $1 $19 {[%emt 0:00:32][%mdl 64] Remove Defender, Decoy} 32. Qxh2 (32. Qxg4 $17 Bg3+ 33. Kg1 Bxf2+ 34. Kxf2) 32... g3 $1 {[%emt 0:00:04][%mdl 64] Pin, Double Attack} 33. Qxh6 Rxh6+ 34. Kg2 gxf2 35. Kxf2 {[%emt 0:00:01][%mdl 4096] Endgame KR-KB} Rh2+ 36. Bg2 Kg7 37. Kg3 Rh6 38. a3 a5 39. b3 Rb6 40. Bd5 Rd6 41. Bc4 Kf6 {[%emt 0:00:03] White must now prevent ...Kg5.} 42. Kf4 h5 43. Bb5 (43. b4 $142 cxb4 44. cxb4 axb4 45. axb4) 43... Rb6 44. Bc4 Rd6 (44... Rb8 $142 45. Bd5 h4) 45. Bb5 $1 Rd8 46. Bc4 (46. b4 $142 cxb4 47. cxb4 axb4 48. axb4) 46... Rb8 (46... h4 $142 47. Kg4 Rh8) 47. Bd5 (47. b4 $142 cxb4 48. axb4 axb4 49. cxb4) 47... Rb6 48. Bc4 $1 Rc6 49. Bd5 Rc7 50. Bc4 Rg7 51. d4 (51. b4 $19 Rg4+ 52. Kf3) 51... cxd4 52. cxd4 Rg4+ (52... h4 $142 53. b4 Rg5 54. bxa5 h3) 53. Ke3 h4 54. Bd5 h3 55. b4 Rg3+ {[%emt 0:00:08] Black mates.} 56. Kf4 Rxa3 57. bxa5 Rxa5 58. Bf3 h2 59. Bg2 Ra1 {[%emt 0:00:07] Weighted Error Value: White=0.66/Black=0.53} 0-1